 Dungeon Crawl Stone Soup version 0.28-a0-245-g639a1a48b9 (webtiles) character file.

Game seed: 2899616926431009137

2 Colgate the Skirmisher (level 1, -4/14 HPs)
             Began as a Kobold Fighter on Aug 25, 2021.
             Frozen to death by an endoplasm (5 damage)
             ... on level 1 of the Dungeon.
             The game lasted 00:00:17 (50 turns).

Colgate the Skirmisher (Kobold Fighter)               Turns: 50, Time: 00:00:18

Health: -4/14      AC:  6    Str: 13    XL:     1   Next: 44%
Magic:  1/1        EV: 10    Int:  9    God:
Gold:   15         SH:  5    Dex: 14    Spells: 0/0 levels left

rFire   . . .      SeeInvis .   a - +0 flail
rCold   . . .      Faith    .   c - +0 buckler
rNeg    . . .      Spirit   .   b - +0 scale mail
rPois   .          Reflect  .   (no helmet)
rElec   .          Harm     .   (no cloak)
rCorr   .          Rampage  .   (no gloves)
Will    .....                   (no boots)
Stlth   +.........              (no amulet)
HPRegen 0.04/turn               (no ring)
MPRegen 0.07/turn               (no ring)

@: no status effects
A: small, no large weapons, nightstalker 3
a: no special abilities


You were on level 1 of the Dungeon.
You visited 1 branch of the dungeon, and saw 1 of its levels.

You collected 15 gold pieces.


Innate Abilities, Weirdness & Mutations

You are small and have problems with some larger weapons.
You are completely attuned to the shadows.


   Skills:
 - Level 3.2 Fighting
 - Level 2.0 Maces & Flails
 - Level 2.4 Armour
 + Level 0.2 Dodging
 - Level 2.4 Shields


You couldn't memorise any spells.
You didn't know any spells.
Your spell library was empty.

Inventory:

Hand Weapons
 a - a +0 flail (weapon)
Armour
 b - a +0 scale mail (worn)
 c - a +0 buckler (worn)
 f - a +0 ring mail
Potions
 d - a potion of might
 e - a potion of attraction {unknown}

Dungeon Overview and Level Annotations

Branches:
Dungeon (1/15)

Altars:


Message History

You sock the rat!
You kill the rat!
The frilled lizard completely misses you.
You block the frilled lizard's attack. The frilled lizard bites you.
Your Maces & Flails skill increases to level 2!
36 ||| Stepping ~*~*~tactically~*~*~ (outnumbered).
37 ||| Stepping ~*~*~tactically~*~*~ (outnumbered).
You barely miss the frilled lizard.
The frilled lizard bites you but does no damage.
39 ||| Stepping ~*~*~tactically~*~*~ (outnumbered).
40 ||| Stepping ~*~*~tactically~*~*~ (outnumbered).
41 ||| Stepping ~*~*~tactically~*~*~ (outnumbered).
You block the frilled lizard's attack.
42 ||| Stepping ~*~*~tactically~*~*~ (outnumbered).
43 ||| Stepping ~*~*~tactically~*~*~ (outnumbered).
You miss the frilled lizard. The frilled lizard bites you. x2
You closely miss the frilled lizard. The endoplasm hits you.
The frilled lizard barely misses you.
You hit the frilled lizard.
You kill the frilled lizard!
You block the endoplasm's attack.
The endoplasm hits you but does no damage.
The frilled lizard barely misses you.
You miss the frilled lizard. The endoplasm freezes you.
You are frozen.
The frilled lizard bites you.
You closely miss the frilled lizard. The endoplasm freezes you.
You are frozen.
You block the frilled lizard's attack.
You barely miss the frilled lizard.
The endoplasm hits you but does no damage.
The frilled lizard bites you but does no damage.
The endoplasm hits you but does no damage.
The frilled lizard closely misses you.
You closely miss the frilled lizard.
The endoplasm jiggles.
The endoplasm freezes you.
You are frozen.
You die...

## #.# . #.###.. #
#@#.#.# .#.##lJ.#.#####
....................
......##............ .
#....##....##......
..##..........##......
...................##...
...................##...
........................


You could see an endoplasm and a frilled lizard.

Vanquished Creatures
  A quokka (D:1)
  A frilled lizard (D:1)
  A rat (D:1)
3 creatures vanquished.

Notes
Turn   | Place    | Note
-------+----------+-------------------------------------------
     0 | D:1      | Colgate the Kobold Fighter began the quest for the Orb.
     0 | D:1      | Reached XP level 1. HP: 14/14 MP: 1/1
     0 | D:1      | 0 ||| counter = 100
    31 | D:1      | 31 ||| Stepping ~*~*~tactically~*~*~ (outnumbered).
    32 | D:1      | 32 ||| Stepping ~*~*~tactically~*~*~ (outnumbered).
    33 | D:1      | 33 ||| Stepping ~*~*~tactically~*~*~ (outnumbered).
    34 | D:1      | 34 ||| Stepping ~*~*~tactically~*~*~ (outnumbered).
    36 | D:1      | 36 ||| Stepping ~*~*~tactically~*~*~ (outnumbered).
    37 | D:1      | 37 ||| Stepping ~*~*~tactically~*~*~ (outnumbered).
    39 | D:1      | 39 ||| Stepping ~*~*~tactically~*~*~ (outnumbered).
    40 | D:1      | 40 ||| Stepping ~*~*~tactically~*~*~ (outnumbered).
    41 | D:1      | 41 ||| Stepping ~*~*~tactically~*~*~ (outnumbered).
    42 | D:1      | 42 ||| Stepping ~*~*~tactically~*~*~ (outnumbered).
    43 | D:1      | 43 ||| Stepping ~*~*~tactically~*~*~ (outnumbered).
    48 | D:1      | HP: 1/14 [frozen (4)]
    50 | D:1      | Frozen to death by an endoplasm

Levels and vault maps discovered:
D:1:      dpeg_arrival_stonehenge_12_columns, layout_loops_ring,
          minmay_misc_feat_x, chequers_avenue, feat_on_display

Skill      XL: |  1 |
---------------+----+-----
Maces & Flails | 2 |  2.0
Fighting       | |  3.2
Armour         | |  2.4
Dodging        | |  0.2
Shields        | |  2.4

Action                   || total
-------------------------++-------
Melee: Flail             ||    11
Armor: Scale mail        ||     5
Dodge: Dodged            ||     4
Block: Buckler           ||     5

Table legend:
 A = Non-vault XP
 B = Vault XP
 C = Vault XP percentage of total XP
 D = Non-vault monster count
 E = Vault monster count
 F = Vault count percentage of total count
                 A         B        C        D         E       F
            +---------+---------+-------+---------+---------+-------
      Total |       4 |       0 |   0.0 |       3 |       0 |   0.0
            +---------+---------+-------+---------+---------+-------
        D:1 |       4 |       0 |   0.0 |       3 |       0 |   0.0
            +---------+---------+-------+---------+---------+-------
